Workbook
Name _Hlk197416860: 'MEMORIA DE CANTIDADES - CERRAMI'!$G$42

Sheet PRESUPUESTO - CERRAMIENTO
D2: CONSTRUCCIÓN DE CERRAMIENTO PERIMETRAL Y CASETA DE VIGILANCIA BIBLIOTECA PÚBLICA ZENÓN SOLANO RICAURTE EN EL MUNICIPIO DE DUITAMA
D3: PRESUPUESTO DE OBRA
B5: Capítulo/Ítem | C5: Ítem Gobernación | D5: Descripción | E5: Unidad | F5: Cantidad | G5: Precio Unitario | H5: Valor parcial
B6: CAPITULO I - CERRAMIENTO PERIMETRAL
B7: 1 | D7: PRELIMINARES | H7: =SUM(H8:H8) -> 135509.05
B8: 1.1 | C8: 2.01.70 | D8: EXCAVACIÓN MANUAL EN MATERIAL COMÚN | E8: M3 | F8: ='MEMORIA DE CANTIDADES - CERRAMI'!M12 -> 1.92 | G8: 70577.63 | H8: =ROUND((F8*G8),2) -> 135509.05
B9: 2 | D9: CIMENTACION Y DESAGUES | H9: =+SUM(H10:H11) -> 1782954.8
B10: 2.1 | C10: 2.02.09 | D10: CONCRETO CICLÓPEO DE 10,5 MPa (1500 PSI) RELACIÓN 60C/40P | E10: M3 | F10: ='MEMORIA DE CANTIDADES - CERRAMI'!M23 -> 1.92 | G10: 416872.35 | H10: =ROUND((F10*G10),2) -> 800394.91
B11: 2.2 | C11: 2.02.35 | D11: SUMINISTRO, FIGURADA Y AMARRE DE ACERO DE 420 MPa (60000 PSI) | E11: KG | F11: ='MEMORIA DE CANTIDADES - CERRAMI'!M35 -> 128.02 | G11: 7675.05 | H11: =ROUND((F11*G11),2) -> 982559.9 | J11: 640,02/64 | K11: =F11/64 -> 2.0003125
B12: 3 | D12: CERRAMIENTO | H12: =SUM(H13:H13) -> 30206630
B13: 3.1 | C13: 2.19.10 | D13: CERRAMIENTO EN TUBO GALVANIZADO DE 2 1/2 X 2mm SOBRE VIGA EN CONCRETO DE 3000 PSI | E13: ML | F13: ='MEMORIA DE CANTIDADES - CERRAMI'!M45 -> 68 | G13: 444215.15 | H13: =ROUND((F13*G13),2) -> 30206630
B14: CAPITULO II - CASETA DE VIGILANCIA
B15: 4 | D15: PRELIMINARES | H15: =SUM(H16:H16) -> 135509.05
B16: 4.1 | C16: 2.01.70 | D16: EXCAVACIÓN MANUAL EN MATERIAL COMÚN | E16: M3 | F16: ='MEMORIA DE CANTIDADES - CERRAMI'!M12 -> 1.92 | G16: 70577.63 | H16: =ROUND((F16*G16),2) -> 135509.05
B17: 5 | D17: CIMENTACION Y DESAGUES | H17: =+SUM(H18:H26) -> 4453618.2
B18: 5.1 | C18: 2.02.25 | D18: SOLADO EN CONCRETO DE ESPESOR E = 0.05 M. 14 MPa (2000 PSI) | E18: M2 | F18: ='MEMORIAS DE CANTIDADES - CASETA'!M19 -> 8.51 | G18: 33431.73 | H18: =ROUND((F18*G18),2) -> 284504.02
B19: 5.2 | C19: 2.02.09 | D19: CONCRETO CICLÓPEO DE 10,5 MPa (1500 PSI) RELACIÓN 60C/40P | E19: M3 | F19: ='MEMORIAS DE CANTIDADES - CASETA'!M27 -> 2.55 | G19: 416872.35 | H19: =ROUND((F19*G19),2) -> 1063024.5
B20: 5.3 | C20: 2.05.06 | D20: BASE EN MATERIAL DE AFIRMADO COMPACTADO | E20: M3 | F20: ='MEMORIAS DE CANTIDADES - CASETA'!M35 -> 0.589 | G20: 92883.83 | H20: =ROUND((F20*G20),2) -> 54708.58
B21: 5.4 | C21: 3.13.24 | D21: SUMINISTRO E INSTALACIÓN DE MALLA ELECTROSOLDADA | E21: KG | F21: ='MEMORIAS DE CANTIDADES - CASETA'!M43 -> 17.94 | G21: 7423.82 | H21: =ROUND((F21*G21),2) -> 133183.33
B22: 5.5 | C22: 2.02.13 | D22: CONCRETO PARA VIGA DE AMARRE 21 MPa (3000 PSI) SECCION RECTANGULAR | E22: M3 | F22: ='MEMORIAS DE CANTIDADES - CASETA'!M52 -> 0.572 | G22: 887295 | H22: =ROUND((F22*G22),2) -> 507532.74
B23: 5.6 | C23: 2.03.33 | D23: COLUMNAS Y PEDESTALES EN CONCRETO DE 21 MPa - (3000 PSI), H < = A 3.0 M. (FORMALETA METALICA). | E23: M3 | F23: ='MEMORIAS DE CANTIDADES - CASETA'!M60 -> 0.528 | G23: 1308131.2 | H23: =ROUND((F23*G23),2) -> 690693.26
B24: 5.7 | C24: 2.02.18 | D24: LOSA MACIZA PARA CIMIENTO EN CONCRETO DE 21 MPa (3000 PSI) H = 10 CM. | E24: M2 | F24: ='MEMORIAS DE CANTIDADES - CASETA'!M68 -> 5.89 | G24: 107038.84 | H24: =ROUND((F24*G24),2) -> 630458.77
B25: 5.8 | C25: 2.03.29 | D25: VIGA AÉREA EN CONCRETO DE 21 MPa - (3000 PSI). | E25: M3 | F25: ='MEMORIAS DE CANTIDADES - CASETA'!M77 -> 0.572 | G25: 1471612.5 | H25: =ROUND((F25*G25),2) -> 841762.37
B26: 5.9 | C26: 2.02.35 | D26: SUMINISTRO, FIGURADA Y AMARRE DE ACERO DE 420 MPa (60000 PSI) | E26: KG | F26: ='MEMORIAS DE CANTIDADES - CASETA'!M97 -> 32.28 | G26: 7675.05 | H26: =ROUND((F26*G26),2) -> 247750.61
B27: 6 | D27: MAMPOSTERIA - ACABADOS | H27: =SUM(H28:H32) -> 4034267.5
B28: 6.1 | C28: 2.04.25 | D28: MURO EN LADRILLO PRENSADO MACIZO E = 0.12 M. (TIPO SANTA FE O SIMILAR) | E28: M2 | F28: ='MEMORIAS DE CANTIDADES - CASETA'!M124 -> 18.045 | G28: 153223.1 | H28: =ROUND((F28*G28),2) -> 2764910.8
B29: 6.2 | C29: 2.05.04 | D29: ALISTADO PISO 1:5 E= 4.0 CM. | E29: M2 | F29: ='MEMORIAS DE CANTIDADES - CASETA'!M132 -> 6.08 | G29: 33165.57 | H29: =ROUND((F29*G29),2) -> 201646.67
B30: 6.3 | C30: 2.05.38 | D30: SUMINISTRO E INSTALACIÓN TABLÓN DE GRES DE 30 X 30 CM. | E30: M2 | F30: ='MEMORIAS DE CANTIDADES - CASETA'!M140 -> 6.08 | G30: 95370.27 | H30: =ROUND((F30*G30),2) -> 579851.24
B31: 6.4 | C31: 2.05.36 | D31: SUMINISTRO E INSTALACIÓN DE GUARDAESCOBA DE GRES | E31: ML | F31: ='MEMORIAS DE CANTIDADES - CASETA'!M148 -> 10.4 | G31: 20373.08 | H31: =ROUND((F31*G31),2) -> 211880.03
B32: 6.5 | C32: 2.04.01 | D32: ALFAJÍA EN CONCRETO ANCHO = 0.15 M. 17.5 MPa - (2500 PSI) (INCLUYE REFUERZO). | E32: ML | F32: ='MEMORIAS DE CANTIDADES - CASETA'!M156 -> 6 | G32: 45996.46 | H32: =ROUND((F32*G32),2) -> 275978.76
B33: 7 | D33: PERFILERIA METALICA - CUBIERTA | H33: =SUM(H34:H39) -> 6698981.5
B34: 7.1 | C34: 2.08.33 | D34: SUMINISTRO E INSTALACIÓN PERFILERIA METALICA PARA ESTRUCTURA DE CUBIERTA DE EDIFICACIONES - DIMENSIONES Y CALIBRES SEGÚN DISEÑO | E34: KG | F34: ='MEMORIAS DE CANTIDADES - CASETA'!M164 -> 73.2 | G34: 22031.72 | H34: =ROUND((F34*G34),2) -> 1612721.9
B35: 7.2 | C35: 2.15.13 | D35: SUMINISTRO E INSTALACIÓN DE VENTANA CORREDIZA EN ALUMINIO. (INCLUYE VIDRIO DE 5 MM. Y HERRAJES). | E35: M2 | F35: ='MEMORIAS DE CANTIDADES - CASETA'!M173 -> 4.348 | G35: 389100.82 | H35: =ROUND((F35*G35),2) -> 1691810.4
B36: 7.3 | C36: 2.15.05 | D36: SUMINISTRO E INSTALACIÓN DE MARCO EN LÁMINA 0.80 < A < 1.00 M. CAL. 18 INC. (INCLUYE ANTICORROSIVO). | E36: UND | F36: ='MEMORIAS DE CANTIDADES - CASETA'!M182 -> 4 | G36: 223292.49 | H36: =ROUND((F36*G36),2) -> 893169.96
B37: 7.4 | C37: 2.15.06 | D37: SUMINISTRO E INSTALACIÓN DE PUERTA EN LÁMINA CAL. 18. (INCLUYE ANTICORROSIVO). (NO INCLUYE CERRADURA). | E37: M2 | F37: ='MEMORIAS DE CANTIDADES - CASETA'!M191 -> 3.3 | G37: 264906.59 | H37: =ROUND((F37*G37),2) -> 874191.75
B38: 7.5 | C38: 2.17.06 | D38: SUMINISTRO E INSTALACIÓN DE CERRADURA DOBLE CILINDRO TIPO YALE 987 O SIMILAR | E38: UND | F38: ='MEMORIAS DE CANTIDADES - CASETA'!M200 -> 2 | G38: 233977.98 | H38: =ROUND((F38*G38),2) -> 467955.96
B39: 7.6 | C39: 2.08.34 | D39: SUMINISTRO E INSTALACIÓN TEJA ESPAÑOLA DE FIBROCEMENTO. | E39: M2 | F39: ='MEMORIAS DE CANTIDADES - CASETA'!M209 -> 10.8 | G39: 107327 | H39: =ROUND((F39*G39),2) -> 1159131.6
B40: 8 | D40: SISTEMA DE RED ELECTRICA | H40: =SUM(H41:H45) -> 1998741.2
B41: 8.1 | C41: 2.10.13 | D41: SUMINISTRO, INSTALACIÓN Y CONEXIÓN DE CABLE CON CENTRICO (ANTIFRAUDE) No. 1 x 8 +8 AWG EN COBRE (ACOMETIDA MONOFÁSICA) | E41: ML | F41: ='MEMORIAS DE CANTIDADES - CASETA'!M218 -> 30 | G41: 21745.2 | H41: =ROUND((F41*G41),2) -> 652356
B42: 8.2 | C42: 2.10.165 | D42: SUMINISTRO E INSTALACIÓN DE SALIDA DE ILUMINACIÓN EXPUESTA EN CALIBRE 12 AWG (F, N, T) EN DUCTO EMT 3/4" | E42: UND | F42: ='MEMORIAS DE CANTIDADES - CASETA'!M227 -> 3 | G42: 150112.15 | H42: =ROUND((F42*G42),2) -> 450336.45
B43: 8.3 | C43: 2.10.105 | D43: SUMINISTRO E INSTALACIÓN DE SALIDA COMPLETA PARA TOMA CORRIENTE MONOFÁSICO, EN CALIBRE 12 AWG Y DUCTO PVC DE1/2". (INCLUYE APARATO). | E43: UND | F43: ='MEMORIAS DE CANTIDADES - CASETA'!M227 -> 3 | G43: 118121.28 | H43: =ROUND((F43*G43),2) -> 354363.84
B44: 8.4 | C44: 2.10.137 | D44: SUMINISTRO E INSTALACIÓN DE SALIDA COMPLETA PARA INTERRUPTOR SENCILLO, EN CALIBRE 12 AWG Y DUCTO EMT DE 3/4".(INCLUYE PARATO). | E44: UND | F44: ='MEMORIAS DE CANTIDADES - CASETA'!M236 -> 3 | G44: 149046.85 | H44: =ROUND((F44*G44),2) -> 447140.55
B45: 8.5 | C45: 2.10.169 | D45: SUMINISTRO E INSTALACIÓN DE PANEL LED CUADRADO DE INCRUSTAR 12 W | E45: UND | F45: ='MEMORIAS DE CANTIDADES - CASETA'!M254 -> 3 | G45: 31514.79 | H45: =ROUND((F45*G45),2) -> 94544.37
B46: 9 | D46: TUBERIA SANITARIA PVC - ACCESORIOS Y APARATOS SANITARIOS | H46: =SUM(H47:H49) -> 1145292.7
B47: 9.1 | C47: 5.01.12 | D47: PUNTO SANITARIO O DE DESAGUES DE 3" | E47: UND | F47: ='MEMORIAS DE CANTIDADES - CASETA'!M263 -> 3 | G47: 119514.91 | H47: =ROUND((F47*G47),2) -> 358544.73
B48: 9.2 | C48: 2.12.175 | D48: SUMINISTRO E INSTALACIÓN DE COMBO SANITARIO. INCLUYE GRIFERÍAS Y ACCESORIOS | E48: UND | F48: ='MEMORIAS DE CANTIDADES - CASETA'!M272 -> 1 | G48: 711261.47 | H48: =ROUND((F48*G48),2) -> 711261.47
B49: 9.3 | C49: 2.12.01 | D49: SUMINISTRO E INSTALACIÓN DE TUBERÍA PVC DE 1/2" T.P, PARA RED DE SUMINISTRO. | E49: ML | F49: ='MEMORIAS DE CANTIDADES - CASETA'!M281 -> 10 | G49: 7548.65 | H49: =ROUND((F49*G49),2) -> 75486.5
B50: TOTAL COSTOS DIRECTOS | H50: =SUM(H7+H9+H12+H15+H17+H27+H33+H40+H46) -> 50591504
E52: A | F52: Administración | G52: 0.2 | H52: =ROUND(H50*G52,2) -> 10118301
E53: I | F53: Imprevistos | G53: 0.01 | H53: =ROUND(H50*G53,2) -> 505915.04
E54: U | F54: Utilidad | G54: 0.04 | H54: =ROUND(H50*G54,2) -> 2023660.2
E55: AIU | F55: SUBTOTAL AIU | G55: =+SUM(G52:G54) -> 0.25 | H55: =H52+H53+H54 -> 12647876
B57: COSTO DE LA OBRA + AIU | H57: =+H50+H55 -> 63239380
B60: VALOR TOTAL DEL PROYECTO | H60: =+H57 -> 63239380
B62: Notas aclaratorias: (1) Los precios son tomados de la Resolución 050 del 05 de mayo de 2025 "Por medio de la cual se actualiza y se fija la lista de precios unitarios fijos de obra pública y de consultoría en el Departamento de Boyacá". (2) Las cantidades de obra se determinan a partir de los perfiles viales y deberán ser verificadas una vez se cuente con estudios y diseños que permitan determinar la estructura vial . (3) Se consideró la distancia de acarreo de materiales, realizando un promedio entre las distancias de las posibles fuentes de materiales y la localización del proyecto.
B65: Elaboró:
B70: ALBA JOHANA REYES BARAJAS
B71: Profesional Universitario
B72: Secretaría de Infraestructura

Sheet MEMORIA DE CANTIDADES - CERRAMI
E1: CONSTRUCCIÓN DE CERRAMIENTO PERIMETRAL Y CASETA DE VIGILANCIA BIBLIOTECA PÚBLICA ZENÓN SOLANO RICAURTE EN EL MUNICIPIO DE DUITAMA
E3: MEMORIA DE CANTIDADES
B5: 1 | C5: PRELIMINARES | M5: UND
B6: 1.1 | C6: ='PRESUPUESTO - CERRAMIENTO'!C8 -> 2.01.70 | D6: ='PRESUPUESTO - CERRAMIENTO'!D8 -> EXCAVACIÓN MANUAL EN MATERIAL COMÚN | M6: M3
B7: DIAGRAMA: | G7: LOCALIZACIÓN | H7: DIMENSIONES | M7: TOTAL
H8: Largo (m) | I8: Ancho (m) | J8: ÁREA (m2) | K8: Alto* (m) | L8: Compactación (%)
G9: EXCAVACION MANUAL CONCRETO CICLOPEO | H9: 64 | I9: 0.15 | J9: =+H9*I9 -> 9.6 | K9: 0.2 | M9: =+ROUND(H9*I9*K9,2) -> 1.92
B12: OBSERVACIONES: | H12: TOTAL ÍTEM: | M12: =(SUM(M9:M11)) -> 1.92
B16: 2 | C16: CIMENTACION Y DESAGUES | M16: UND
B17: 2.1 | C17: ='PRESUPUESTO - CERRAMIENTO'!C10 -> 2.02.09 | D17: ='PRESUPUESTO - CERRAMIENTO'!D10 -> CONCRETO CICLÓPEO DE 10,5 MPa (1500 PSI) RELACIÓN 60C/40P | M17: M3
B18: DIAGRAMA: | G18: LOCALIZACIÓN | H18: DIMENSIONES | M18: TOTAL
H19: Largo (m) | I19: Ancho (m) | J19: ÁREA (m2) | K19: Alto* (m) | L19: Compactación (%)
G20: MEJORAMIENTO DE BASE CONCRETO CICLOPEO | H20: =+H9 -> 64 | I20: =+I9 -> 0.15 | J20: =+H20*I20 -> 9.6 | K20: 0.2 | M20: =+ROUND(H20*I20*K20,2) -> 1.92
B23: OBSERVACIONES: | H23: TOTAL ÍTEM: | M23: =(SUM(M20:M22)) -> 1.92
B27: 2 | C27: CIMENTACION Y DESAGUES | M27: UND
B28: 2.2 | C28: ='PRESUPUESTO - CERRAMIENTO'!C11 -> 2.02.35 | D28: ='PRESUPUESTO - CERRAMIENTO'!D11 -> SUMINISTRO, FIGURADA Y AMARRE DE ACERO DE 420 MPa (60000 PSI) | M28: KG
B29: DIAGRAMA: | G29: LOCALIZACIÓN | H29: DIMENSIONES | M29: TOTAL
H30: Largo (m) | I30: Ancho (m) | J30: PESO (Kg) | K30: Cantidad | L30: Compactación (%)
G31: ESTRIBOS 3/8" | J31: 0.06 | K31: 427 | M31: =J31*K31 -> 25.62
G32: ACERO VIGA 1/2" | H32: 68 | J32: 0.1 | K32: 48 | M32: =+ROUND(H32*J32*K32,2) -> 326.4
G33: ACERO INCLUIDO EN APU - 2.19.10 | M33: =-3.5*64 -> -224
B35: OBSERVACIONES: | H35: TOTAL ÍTEM: | M35: =(SUM(M31:M34)) -> 128.02 | N35: =(M31+M32)-M33 -> 576.02
B38: 3 | C38: CERRAMIENTO | M38: UND
B39: 3.1 | C39: ='PRESUPUESTO - CERRAMIENTO'!C13 -> 2.19.10 | D39: ='PRESUPUESTO - CERRAMIENTO'!D13 -> CERRAMIENTO EN TUBO GALVANIZADO DE 2 1/2 X 2mm SOBRE VIGA EN CONCRETO DE 3000 PSI | M39: ML
B40: DIAGRAMA: | G40: LOCALIZACIÓN | H40: DIMENSIONES | M40: TOTAL
H41: Largo (m) | I41: Ancho (m) | J41: ÁREA (m2) | K41: Alto* (m) | L41: Compactación (%)
G42: CERRAMIENTO | H42: 68 | M42: =H42 -> 68
B45: OBSERVACIONES: | H45: TOTAL ÍTEM: | M45: =(SUM(M42:M44)) -> 68

Sheet MEMORIAS DE CANTIDADES - CASETA
E1: CONSTRUCCIÓN DE CERRAMIENTO PERIMETRAL Y CASETA DE VIGILANCIA BIBLIOTECA PÚBLICA ZENÓN SOLANO RICAURTE EN EL MUNICIPIO DE DUITAMA
E3: MEMORIA DE CANTIDADES
B5: 4 | C5: PRELIMINARES | M5: UND
B6: 4.1 | C6: ='PRESUPUESTO - CERRAMIENTO'!C16 -> 2.01.70 | D6: ='PRESUPUESTO - CERRAMIENTO'!D16 -> EXCAVACIÓN MANUAL EN MATERIAL COMÚN | M6: M3
B7: DIAGRAMA: | G7: LOCALIZACIÓN | H7: DIMENSIONES | M7: TOTAL
H8: Largo (m) | I8: Ancho (m) | J8: ÁREA (m2) | K8: Alto* (m) | L8: Compactación (%)
G9: BASE CASETA | H9: 3.7 | I9: 2.3 | J9: =+H9*I9 -> 8.51 | K9: 0.6 | M9: =+ROUND(H9*I9*K9,2) -> 5.11
B11: OBSERVACIONES: | H11: TOTAL ÍTEM: | M11: =(SUM(M9:M10)) -> 5.11
B13: 5 | C13: CIMENTACION Y DESAGUES | M13: UND
B14: 5.1 | C14: ='PRESUPUESTO - CERRAMIENTO'!C18 -> 2.02.25 | D14: ='PRESUPUESTO - CERRAMIENTO'!D18 -> SOLADO EN CONCRETO DE ESPESOR E = 0.05 M. 14 MPa (2000 PSI) | M14: M2
M15: TOTAL
H16: Largo (m) | I16: Ancho (m) | J16: PESO (Kg) | K16: Cantidad | L16: Compactación (%)
G17: SOLADO EXCAVASION | H17: 3.7 | I17: 2.3 | M17: =H17*I17 -> 8.51
B19: OBSERVACIONES: | H19: TOTAL ÍTEM: | M19: =(SUM(M17:M18)) -> 8.51
B21: 5 | C21: CIMENTACION Y DESAGUES | M21: UND
B22: 5.2 | C22: ='PRESUPUESTO - CERRAMIENTO'!C19 -> 2.02.09 | D22: ='PRESUPUESTO - CERRAMIENTO'!D19 -> CONCRETO CICLÓPEO DE 10,5 MPa (1500 PSI) RELACIÓN 60C/40P | M22: M3
B23: DIAGRAMA: | G23: LOCALIZACIÓN | H23: DIMENSIONES | M23: TOTAL
H24: Largo (m) | I24: Ancho (m) | J24: ÁREA (m2) | K24: Alto* (m) | L24: Compactación (%)
G25: REFUERZO BASE CASETA | H25: =H17 -> 3.7 | I25: =I17 -> 2.3 | J25: =H25*I25 -> 8.51 | K25: 0.3 | M25: =+ROUND(H25*I25*K25,2) -> 2.55
B27: OBSERVACIONES: | H27: TOTAL ÍTEM: | M27: =(SUM(M25:M26)) -> 2.55
B29: 5 | C29: CIMENTACION Y DESAGUES | M29: UND
B30: 5.3 | C30: ='PRESUPUESTO - CERRAMIENTO'!C20 -> 2.05.06 | D30: ='PRESUPUESTO - CERRAMIENTO'!D20 -> BASE EN MATERIAL DE AFIRMADO COMPACTADO | M30: M3
B31: DIAGRAMA | G31: LOCALIZACIÓN | M31: TOTAL
H32: Largo (m) | I32: Ancho (m) | J32: Area (M2) | K32: Alto* (m) | L32: Cantidad | AE32: Malla electrosoldada 15x15 cm 6mm para Losa Maciza | AF32: 2 | AG32: 2 | AH32: =AF32*AG32 -> 4 | AI32: 2.99 | AJ32: =AH32*AI32 -> 11.96
G33: BASE EN AFIRMADO | H33: 3.1 | I33: 1.9 | J33: =H33*I33 -> 5.89 | K33: 0.1 | L33: 1 | M33: =H33*I33*K33*L33 -> 0.589
B35: OBSERVACIONES: | H35: TOTAL ÍTEM: | M35: =(SUM(M33:M34)) -> 0.589
B37: 5 | C37: CIMENTACION Y DESAGUES | M37: UND
B38: 5.4 | C38: ='PRESUPUESTO - CERRAMIENTO'!C21 -> 3.13.24 | D38: ='PRESUPUESTO - CERRAMIENTO'!D21 -> SUMINISTRO E INSTALACIÓN DE MALLA ELECTROSOLDADA | M38: M3
B39: DIAGRAMA | G39: LOCALIZACIÓN | M39: TOTAL
H40: Largo (m) | I40: Ancho (m) | J40: Area (M2) | K40: Peso (Kg) | L40: Cantidad
G41: Malla electrosoldada 15x15 cm 6mm para Losa Maciza | H41: 3 | I41: 2 | J41: =H41*I41 -> 6 | K41: 2.99 | L41: 1 | M41: =J41*K41 -> 17.94
B43: OBSERVACIONES: | H43: TOTAL ÍTEM: | M43: =(SUM(M41:M42)) -> 17.94
B45: 5 | C45: CIMENTACION Y DESAGUES | M45: UND
B46: 5.5 | C46: ='PRESUPUESTO - CERRAMIENTO'!C22 -> 2.02.13 | D46: ='PRESUPUESTO - CERRAMIENTO'!D22 -> CONCRETO PARA VIGA DE AMARRE 21 MPa (3000 PSI) SECCION RECTANGULAR | M46: M3
B47: DIAGRAMA | G47: LOCALIZACIÓN | M47: TOTAL
H48: Largo (m) | I48: Ancho (m) | J48: Area (M2) | K48: Alto* (m) | L48: Cantidad
G49: VIGA DE AMARRE SECCION RECTANGULAR (Longitudinal) | H49: 3.7 | I49: 0.2 | J49: =H49*I49 -> 0.74 | K49: 0.2 | L49: 2 | M49: =H49*I49*K49*L49 -> 0.296
G50: VIGA DE AMARRE SECCION RECTANGULAR (Transversal) | H50: 2.3 | I50: 0.2 | J50: =H50*I50 -> 0.46 | K50: 0.2 | L50: 3 | M50: =H50*I50*K50*L50 -> 0.276
B52: OBSERVACIONES: | H52: TOTAL ÍTEM: | M52: =(SUM(M49:M51)) -> 0.572
B54: 5 | C54: CIMENTACION Y DESAGUES | M54: UND
B55: 5.6 | C55: ='PRESUPUESTO - CERRAMIENTO'!C23 -> 2.03.33 | D55: ='PRESUPUESTO - CERRAMIENTO'!D23 -> COLUMNAS Y PEDESTALES EN CONCRETO DE 21 MPa - (3000 PSI), H < = A 3.0 M. (FORMALETA METALICA). | M55: M3
B56: DIAGRAMA | G56: LOCALIZACIÓN | M56: TOTAL
H57: Largo (m) | I57: Ancho (m) | J57: Area (M2) | K57: Alto* (m) | L57: Cantidad
G58: COLUMA EN CONCRETO DE 3000 PSI | H58: 2.2 | I58: 0.2 | J58: =H58*I58 -> 0.44 | K58: 0.2 | L58: 6 | M58: =H58*I58*K58*L58 -> 0.528
B60: OBSERVACIONES: | H60: TOTAL ÍTEM: | M60: =(SUM(M58:M59)) -> 0.528
B62: 5 | C62: CIMENTACION Y DESAGUES | M62: UND
B63: 5.7 | C63: ='PRESUPUESTO - CERRAMIENTO'!C24 -> 2.02.18 | D63: ='PRESUPUESTO - CERRAMIENTO'!D24 -> LOSA MACIZA PARA CIMIENTO EN CONCRETO DE 21 MPa (3000 PSI) H = 10 CM. | M63: M2
B64: DIAGRAMA | G64: LOCALIZACIÓN | M64: TOTAL
H65: Largo (m) | I65: Ancho (m) | J65: Area (M2) | K65: Alto* (m) | L65: Cantidad
G66: LOZA MACIZA PARA CIMIENTO | H66: 3.1 | I66: 1.9 | J66: =H66*I66 -> 5.89 | K66: 0.1 | L66: 1 | M66: =H66*I66 -> 5.89
B68: OBSERVACIONES: | H68: TOTAL ÍTEM: | M68: =(SUM(M66:M67)) -> 5.89
B70: 5 | C70: CIMENTACION Y DESAGUES | M70: UND
B71: 5.8 | C71: ='PRESUPUESTO - CERRAMIENTO'!C25 -> 2.03.29 | D71: ='PRESUPUESTO - CERRAMIENTO'!D25 -> VIGA AÉREA EN CONCRETO DE 21 MPa - (3000 PSI). | M71: M3
B72: DIAGRAMA | G72: LOCALIZACIÓN | M72: TOTAL
H73: Largo (m) | I73: Ancho (m) | J73: Area (M2) | K73: Alto* (m) | L73: Cantidad
G74: VIGA AEREA (Longitudinal) | H74: 3.7 | I74: 0.2 | J74: =H74*I74 -> 0.74 | K74: 0.2 | L74: 2 | M74: =H74*I74*K74*L74 -> 0.296
G75: VIGA DE AMARRE SECCION RECTANGULAR (Transversal) | H75: 2.3 | I75: 0.2 | J75: =H75*I75 -> 0.46 | K75: 0.2 | L75: 3 | M75: =H75*I75*K75*L75 -> 0.276
B77: OBSERVACIONES: | H77: TOTAL ÍTEM: | M77: =(SUM(M74:M76)) -> 0.572
B79: 5 | C79: CIMENTACION Y DESAGUES | M79: UND
B80: 5.9 | C80: ='PRESUPUESTO - CERRAMIENTO'!C26 -> 2.02.35 | D80: ='PRESUPUESTO - CERRAMIENTO'!D26 -> SUMINISTRO, FIGURADA Y AMARRE DE ACERO DE 420 MPa (60000 PSI) | M80: KG
B81: DIAGRAMA: | G81: LOCALIZACIÓN | H81: DIMENSIONES | M81: TOTAL
H82: Largo (m) | I82: Ancho (m) | J82: PESO (Kg) | K82: Cantidad | L82: Cantidad
G83: VIGA DE AMARRE
G84: ACERO VIGA 1/2" (Longitudinal) | H84: 4 | J84: 0.1 | K84: 8 | M84: =+ROUND(H84*J84*K84,2) -> 3.2
G85: ACERO VIGA 1/2" (Transversal) | H85: 2.6 | J85: 0.1 | K85: 12 | M85: =+ROUND(H85*J85*K85,2) -> 3.12
G86: ESTRIBOS 3/8" - Cada 0,15 (m) - (Longitudinal) | J86: 0.06 | K86: 50 | M86: =+ROUND(J86*K86,2) -> 3
G87: ESTRIBOS 3/8" - Cada 0,15 (m) - (Transversal) | J87: 0.06 | K87: 45 | M87: =+ROUND(J87*K87,2) -> 2.7
G88: COLUMNA
G89: ACERO COLUMNA 1/2" (Longitudinal) | H89: 2.6 | J89: 0.1 | K89: 16 | M89: =+ROUND(H89*J89*K89,2) -> 4.16
G90: ESTRIBOS 3/8" - Cada 0,15 (m) - (Longitudinal) | J90: 0.06 | K90: 68 | M90: =+ROUND(J90*K90,2) -> 4.08
G91: VIGA AEREA
G92: ACERO VIGA 1/2" (Longitudinal) | H92: 4 | J92: 0.1 | K92: 8 | M92: =+ROUND(H92*J92*K92,2) -> 3.2
G93: ACERO VIGA 1/2" (Transversal) | H93: 2.6 | J93: 0.1 | K93: 12 | M93: =+ROUND(H93*J93*K93,2) -> 3.12
G94: ESTRIBOS 3/8" - Cada 0,15 (m) - (Longitudinal) | J94: 0.06 | K94: 50 | M94: =+ROUND(J94*K94,2) -> 3
G95: ESTRIBOS 3/8" - Cada 0,15 (m) - (Transversal) | J95: 0.06 | K95: 45 | M95: =+ROUND(J95*K95,2) -> 2.7
B97: OBSERVACIONES: | H97: TOTAL ÍTEM: | M97: =(SUM(M83:M96)) -> 32.28
B99: 6 | C99: MAMPOSTERIA - ACABADOS | M99: UND
B100: 6.1 | C100: ='PRESUPUESTO - CERRAMIENTO'!C28 -> 2.04.25 | D100: ='PRESUPUESTO - CERRAMIENTO'!D28 -> MURO EN LADRILLO PRENSADO MACIZO E = 0.12 M. (TIPO SANTA FE O SIMILAR) | M100: M2
B101: DIAGRAMA: | G101: LOCALIZACIÓN | H101: DIMENSIONES | M101: TOTAL
H102: Largo (m) | I102: Ancho (m) | J102: Area (M2) | K102: Alto* (m) | L102: Cantidad
G103: MURO FACHADA
G104: MURO ACCESO CASETA | H104: 2.2 | I104: 1.9 | J104: =H104*I104 -> 4.18 | M104: =+ROUND(H104*I104,2) -> 4.18
G105: MENOS PUERTA EN LAMINA CAL. 18 | H105: 2.2 | I105: 0.75 | J105: =H105*I105 -> 1.65 | M105: =+ROUND(H105*I105,2) -> 1.65
G106: MENOS VENTANA EN CL. 20 | H106: 1.1 | I106: 0.6 | J106: =H106*I106 -> 0.66 | M106: =+ROUND(H106*I106,2) -> 0.66
M107: =M104-M106-M105 -> 1.87
G108: MUROS BAÑO | J108: =H108*I108 -> 0
G109: MURTOS LATERALES BAÑO | H109: 2.2 | I109: 1 | J109: =H109*I109 -> 2.2 | L109: 2 | M109: =+ROUND(H109*I109,2)*L109 -> 4.4
G110: MURO POSTERIOR BAÑO | H110: 2.2 | I110: 1.9 | J110: =H110*I110 -> 4.18 | M110: =+ROUND(H110*I110,2) -> 4.18
G111: MENOS VENTANA EN CL. 20 | H111: 1 | I111: 0.3 | J111: =H111*I111 -> 0.3 | M111: =+ROUND(H111*I111,2) -> 0.3
J112: =H112*I112 -> 0 | M112: =M110-M111 -> 3.88
G113: MUROS LATERALES
G114: MUROS LATERALES CASETA | H114: 2.2 | I114: 1.9 | J114: =H114*I114 -> 4.18 | L114: 2 | M114: =+ROUND(H114*I114,2)*L114 -> 8.36
G115: MENOS VENTANAS EN CL. 20 | H115: 1.4 | I115: 1.1 | J115: =H115*I115 -> 1.54 | L115: 2 | M115: =+ROUND(H115*I115,2)*L115 -> 3.08
M116: =M114-M115 -> 5.28
G117: MURO DESNIVEL BAJANTE DE AGUA
G118: CUCHILLA DESNIVEL | H118: 3.5 | I118: 0.45 | J118: =H118*I118 -> 1.575 | L118: 2 | M118: =(H118*I118/2)*L118 -> 1.575
G119: CUCHILLA POSTERIOR BASE DESNIVEL | H119: 2.3 | I119: 0.45 | J119: =H119*I119 -> 1.035 | M119: =+ROUND(H119*I119,2) -> 1.04
B124: OBSERVACIONES: | H124: TOTAL ÍTEM: | M124: =M107+M109+M112+M116+M118+M119 -> 18.045
B126: 6 | C126: MAMPOSTERIA - ACABADOS | M126: UND
B127: 6.2 | C127: ='PRESUPUESTO - CERRAMIENTO'!C29 -> 2.05.04 | D127: ='PRESUPUESTO - CERRAMIENTO'!D29 -> ALISTADO PISO 1:5 E= 4.0 CM. | M127: M2
...
